 Dungeon Crawl Stone Soup version 0.28.0-1-gb440e238dd (webtiles) character file.

Game seed: 9600127589131478234

503306 HotelGloriana the Conqueror (level 24, -2/249 HPs)
             Began as a Minotaur Berserker on Feb 20, 2022.
             Was the Champion of Trog.
             Slain by a tengu reaver (7 damage)
             ... on level 5 of the Vaults on Feb 21, 2022.
             The game lasted 05:33:25 (75058 turns).

HotelGloriana the Conqueror (Minotaur Berserker)   Turns: 75058, Time: 05:33:26

Health: -2/249     AC: 42    Str: 19    XL:     24   Next: 8%
Magic:  22/22      EV: 20    Int: 10    God:    Trog [******]
Gold:   614        SH:  5    Dex: 18    Spells: 23/23 levels left

rFire   . . .      SeeInvis .   b - +9 executioner's axe (flame)
rCold   + + +      Faith    .   (shield currently unavailable)
rNeg    + + .      Spirit   .   y - +6 plate armour {rC+}
rPois   +          Reflect  +   M - +2 hat
rElec   +          Harm     .   E - +2 cloak
rCorr   .          Rampage  .   Z - +2 pair of gloves {Stlth+}
Will    ++++.                   T - +2 pair of boots
Stlth   ..........              G - amulet of reflection
HPRegen 0.51/turn               K - ring "Xesmi" {rPois rN++}
MPRegen 0.18/turn               B - ring "Lecidewu" {rElec rC++ Will+++ Str-5 Int+6}

@: about to teleport, on berserk cooldown, slowed, studying Throwing, very slow
A: horns 2, retaliatory headbutt, weak 1
}: 2/15 runes: serpentine, barnacled
a: Renounce Religion, Berserk, Trog's Hand, Brothers in Arms


You were on level 5 of the Vaults.
You worshipped Trog.
Trog was exalted by your worship.
You visited 8 branches of the dungeon, and saw 43 of its levels.
You visited the Abyss 1 time.
You visited 1 bazaar.
You also visited: Ossuary and Ice Cave.

You collected 6053 gold pieces.
You spent 5439 gold pieces at shops.

Inventory:

Hand Weapons
 a - a +9 executioner's axe of venom
 b - a +9 executioner's axe of flaming (weapon)
Missiles
 l - 7 throwing nets (quivered)
Armour
 y - a +6 plate armour of cold resistance (worn)
 E - a +2 cloak (worn)
 M - a +2 hat (worn)
 T - a +2 pair of boots (worn)
 Z - a +2 pair of gloves of stealth (worn)
Jewellery
 h - a ring of protection from fire
 m - a ring of see invisible
 n - a ring of fire
 t - an amulet of regeneration
 B - the ring "Lecidewu" (right hand) {rElec rC++ Will+++ Str-5 Int+6}
   (You found it on level 9 of the Dungeon)

   [ring of intelligence]

   Str:       It affects your strength (-5).
   Int:       It affects your intelligence (+6).
   rC:        It greatly protects you from cold.
   rElec:     It insulates you from electricity.
   Will:      It greatly increases your willpower.
 C - a ring of willpower
 F - a +6 ring of dexterity
 G - an amulet of reflection (around neck)
 I - a ring of resist corrosion
 K - the ring "Xesmi" (left hand) {rPois rN++}
   (You acquired it on level 10 of the Dungeon)

   [ring of poison resistance]

   rPois:     It protects you from poison.
   rN:        It greatly protects you from negative energy.
 L - a ring of protection from cold
 O - the amulet "Faumin" {Faith rElec rCorr Str+8 Stlth-}
   (You took it off a spriggan air mage on level 3 of the Depths)

   [amulet of faith]

   It allows you to gain divine favour quickly.
   Str:       It affects your strength (+8).
   rElec:     It insulates you from electricity.
   rCorr:     It protects you from acid and corrosion.
   Stlth:     It makes you less stealthy.
 P - a +4 ring of evasion
 S - a +4 ring of protection
 W - a +6 ring of strength
Wands
 g - a wand of iceblast (24)
 u - a wand of digging (16)
 v - a wand of mindburst (12)
 z - a wand of paralysis (20)
 D - a wand of flame (108)
 J - a wand of polymorph (23)
 V - a wand of charming (22)
 X - a wand of acid (11)
Scrolls
 c - 17 scrolls of teleportation
 d - 4 scrolls of silence
 e - a scroll of brand weapon
 f - 8 scrolls of summoning
 i - 6 scrolls of magic mapping
 k - 3 scrolls of holy word
 H - 11 scrolls of fear
 N - 2 scrolls of enchant weapon
 Q - 27 scrolls of identify
 R - 6 scrolls of fog
Potions
 j - 22 potions of curing
 o - 9 potions of lignification
 p - 4 potions of berserk rage
 q - 2 potions of heal wounds
 r - 6 potions of flight
 w - 3 potions of might
 x - 4 potions of invisibility
 A - 13 potions of haste
 U - 7 potions of ambrosia
 Y - 4 potions of cancellation


   Skills:
 O Level 27 Fighting
 * Level 24.6 Axes
 O Level 27 Armour
 O Level 27 Dodging
 + Level 3.2 Stealth
 + Level 3.2 Evocations


You had 23 spell levels left.
You didn't know any spells.
Your spell library was empty.

Dungeon Overview and Level Annotations

Branches:
Dungeon (15/15)            Temple (0/1) D:5            Lair (6/6) D:10
 Shoals (4/4) Lair:2        Snake (4/4) Lair:4        Slime (0/5) Lair:6
    Orc (2/2) D:12            Elf (3/3) Orc:2        Vaults (5/5) D:13
  Crypt (0/3) Vaults:2     Depths (4/4) D:15            Zot (0/5) Depths:4
Ossuary (visited)           IceCv (visited)

Altars:
Ashenzari
Cheibriados
Elyvilon
Fedhas
Hepliaklqana
Kikubaaqudgha
Makhleb
Okawaru
Qazlal
Sif Muna
Yredelemnul
Zin
Jiyva

Shops:
D:4 :   D:10 *   Orc:1 [   Orc:2 ([!**   Elf:1 :[[   Elf:2 [   Elf:3 *
Shoals:3 (   Snake:1 :=:   Vaults:1 [:**[   Vaults:3 :   Vaults:4 =
Depths:1 *

Portals:
Hell: Depths:1 Depths:2 Depths:4
Abyss: Depths:3 Depths:4
Pandemonium: Depths:2 Depths:4
Ziggurat: Depths:2
Trove: D:12 (give +8 demon trident)

Annotations:
D:9 exclusion: hydra
Lair:2 exclusion: oklob plant
Shoals:1 1 runed translucent door, exclusion: obsidian statue, Bityczex's ghost, adept DEFE


Innate Abilities, Weirdness & Mutations

You have a pair of horns on your head.
You reflexively headbutt those who attack you in melee.
You are weak. (Str -2)


Message History

The tengu reaver pecks you.
* * * LOW HITPOINT WARNING * * *
The tengu reaver claws you but does no damage.
You hit the tengu reaver but do no damage.
Your headbutt misses the tengu reaver.
The tengu reaver is moderately wounded.
The tengu reaver hits you with a +0 bardiche!
* * * LOW HITPOINT WARNING * * *
The tengu reaver pecks you but does no damage.
The tengu reaver claws you but does no damage.
You slash the tengu reaver! You burn the tengu reaver.
The tengu reaver is moderately wounded.
The tengu reaver gestures at you while chanting.
The bolt of lightning misses you.
The bolt of lightning hits the golden dragon!
The golden dragon resists.
The ironbound preserver barely misses you.
As you read the scroll of teleportation, it crumbles to dust.
You feel strangely unstable.
The tengu reaver gestures at you while chanting.
The bolt of lightning hits you! You resist.
* * * LOW HITPOINT WARNING * * *
The bolt of lightning hits the golden dragon!
The golden dragon resists.
You block the golden dragon's attack.
The golden dragon claws you but does no damage.
The golden dragon closely misses you.
The ironbound preserver casts a spell.
The ironbound preserver begins to accept its allies' injuries.
The tengu reaver hits you but does no damage.
The tengu reaver misses you. You block the tengu reaver's attack.
The golden dragon misses you. You furiously retaliate!
You headbutt the golden dragon, but do no damage.
The golden dragon closely misses you.
The golden dragon tramples you but does no damage.
You closely miss the tengu reaver.
The tengu reaver is moderately wounded.
You slice the golden dragon!! You burn the golden dragon.
The ironbound preserver closely misses you.
The tengu reaver hits you with a +0 bardiche!
You die...

. .. ... .... ....$
######################......
.p...........Q@D....))......
.
................p....)......
############################


You could see an ironbound preserver (poisoned), a golden dragon (sheltered) and
a tengu reaver (sheltered).

Vanquished Creatures
  Mennas (Vaults:2)
  A juggernaut (Depths:3)
  Boris (twice) (Vaults:4 Depths:3)
  Sojobo (Vaults:3)
  Vashnia (Snake:2)
  Xtahua (Vaults:4)
  2 caustic shrikes (Depths:3)
  2 golden dragons
  A bone dragon (Depths:4)
  2 hellephants (Depths:2)
  4 tentacled monstrosities
  Jorgrun (Snake:2)
  A walking crystal tome (Depths:4)
  5 liches
  A walking frostbound tome (Depths:3)
  2 titans
  A deep elf blademaster (Elf:2)
  A quicksilver dragon (Depths:3)
  2 deep elf master archers (Elf:3)
  Mlioglotl (Snake:4)
  Frances (Elf:1)
  A shadow dragon (Depths:3)
  Gastronok (Lair:1)
  A storm dragon (Depths:4)
  3 tengu reavers
  Ilsuiw (Shoals:1)
  10 nagarajas
  12 frost giants
  Donald (Shoals:2)
  Aizul (Snake:4)
  3 orc warlords
  11 vault wardens
  2 iron dragons
  3 fire giants
  5 deep elf sorcerers
  Louise (Shoals:1)
  4 draconian stormcallers (Depths:4)
  A draconian annihilator (Depths:4)
  A spriggan defender (Depths:2)
  20 ironbound preservers
  13 very ugly things
  A war gargoyle (Vaults:1)
  4 deep elf elementalists
  2 caustic shrike skeletons (Depths:3)
  14 stone giants
  3 vampire knights
  6 ironbound thunderhulks
  A juggernaut skeleton (Depths:3)
  A green draconian (Depths:4)
  A white draconian (IceCv)
  5 deep elf demonologists (Elf:3)
  A black draconian (Depths:4)
  3 entropy weavers
  Azrael (Elf:2)
  2 purple draconians (Depths:4)
  6 deep elf annihilators (Elf:3)
  8 dire elephants
  4 spark wasps
  5 deep elf death magi
  Snorg (D:14)
  An eidolon (Abyss:2)
  A crystal guardian (Vaults:4)
  10 fire dragons
  3 deep elf high priests
  7 merfolk impalers (Shoals:4)
  4 merfolk javelineers
  11 yaktaur captains
  10 great orbs of eyes
  11 ettins
  15 naga warriors
  13 hydras
  4 spriggan air magi
  9 boulder beetles
  5 rakshasas
  19 vault guards
  12 ice dragons
  3 salamander tyrants
  Fannar (Lair:1)
  3 peacekeepers
  3 ogre magi
  A catoblepas (D:14)
  3 satyrs
  2 alligator snapping turtles
  9 anacondas
  14 centaur warriors
  32 dancing weapons
  4 merfolk avatars
  15 two-headed ogres
  3 tengu warriors
  A boulder beetle (shapeshifter) (Depths:3)
  12 ironbound frosthearts
  2 deep troll shamans
  A two-headed ogre (shapeshifter) (Vaults:5)
  8 death yaks
  9 merfolk aquamancers
  4 deep troll earth magi
  2 vampire magi (Depths:2)
  7 hell hogs (Depths:2)
  3 thrashing horrors (Abyss:2)
  10 shock serpents
  2 orc high priests
  13 naga sharpshooters
  3 spriggan berserkers
  A titan zombie (Vaults:4)
  6 hell knights
  A wretched star (Abyss:2)
  An iron troll (Depths:3)
  22 deep elf knights
  A fire crab (Lair:6)
  8 salamander mystics
  7 skeletal warriors
  22 sea snakes
  81 deep trolls
  A spatial maelstrom (Abyss:2)
  3 naga ritualists (Snake:4)
  22 deep elf archers
  A flayed ghost (Depths:3)
  5 glowing orange brains
  7 wizards
  9 necromancers
  4 phantasmal warriors
  3 lindwurms
  20 harpies
  15 ironbound convokers
  36 deep elf zephyrmancers
  An orange crystal statue (IceCv)
  Pikel (D:9)
  A sphinx zombie (Vaults:3)
  33 deep elf pyromancers
  13 mana vipers
  A fire giant zombie (Vaults:4)
  18 fauns
  A wolf spider zombie (D:15)
  4 orc sorcerers
  19 manticores
  16 salamanders
  8 cyclopes
  A frost giant zombie (Depths:3)
  58 ugly things
  18 elephants (Lair:6)
  17 vault sentinels
  Joseph (D:9)
  43 black mambas
  6 guardian serpents
  A guardian serpent (shapeshifter) (Abyss:2)
  2 elf zombies
  A naga zombie (Abyss:2)
  14 naga magi
  2 molten gargoyles (Lair:6)
  17 merfolk sirens
  2 ice statues (Elf:2)
  2 smoke demons (Abyss:2)
  A torpor snail (Lair:5)
  11 water nymphs
  Psyche (D:11)
  11 cane toads
  3 gargoyles
  An efreet (D:13)
  2 unseen horrors (D:10)
  25 yaktaurs
  A demonic crawler (Lair:2)
  13 komodo dragons
  A freezing wraith (D:14)
  An ice devil (Depths:4)
  A kobold demonologist (D:9)
  A tengu conjurer (Depths:1)
  17 rime drakes
  A queen bee (Lair:5)
  3 human skeletons
  An ancient zyme (Abyss:2)
  19 trolls
  3 hornets
  17 merfolk
  5 meliai
  16 polar bears (IceCv)
  21 slime creatures
  13 wind drakes
  4 raiju (Abyss:2)
  19 blink frogs
  12 dream sheep
  A slime creature (shapeshifter) (Vaults:3)
  12 snapping turtles
  A spriggan (Depths:3)
  2 elf skeletons (Vaults:3)
  8 air elementals
  A shadow (D:13)
  17 flying skulls (D:15)
  32 water elementals
  9 fire elementals
  A wraith (D:12)
  8 basilisks
  A vampire (D:9)
  26 yaks
  5 wyverns
  Eustachio (D:4)
  A redback (shapeshifter) (Depths:2)
  5 steam dragons
  2 human simulacra
  2 redbacks (Vaults:4)
  10 vampire mosquitoes
  A chaos spawn (Abyss:2)
  A spatial vortex (Abyss:2)
  A warg (Orc:1)
  2 swamp worms (Lair:2)
  7 hell hounds
  4 acid dragons
  40 nagas
  17 water moccasins
  A meliai simulacrum (D:15)
  An ogre skeleton (Vaults:4)
  2 ice beasts
  2 black bears
  12 orc warriors
  A hornet zombie (D:7)
  2 sky beasts
  20 ogres
  6 boggarts
  38 wolves
  3 centaurs (D:9)
  2 necrophages
  3 lemures (D:9)
  An elf simulacrum (Vaults:4)
  3 kobold brigands
  Blork the orc (D:4)
  14 bullfrogs
  A gnoll sergeant (D:11)
  2 scorpions
  An earth elemental (Elf:1)
  A wyvern skeleton (D:7)
  25 killer bees
  17 wights
  8 howler monkeys
  6 lava snakes
  A quasit (Abyss:2)
  6 starcursed masses (Abyss:2)
  6 hounds (D:10)
  2 human zombies (Ossuary)
  4 centaur zombies
  3 jellies
  10 orc priests
  3 centaur skeletons
  13 orc wizards
  An iguana (D:4)
  2 polar bear simulacra (Lair:6)
  5 yak simulacra (Lair:6)
  A hound zombie (D:3)
  A hound skeleton (D:4)
  4 mummies (Ossuary)
  A howler monkey zombie (D:8)
  3 adders
  8 gnolls
  A shadow imp (D:6)
  2 white imps
  49 orcs
  6 ball pythons
  5 bats
  3 endoplasms
  A giant cockroach (D:3)
  5 goblins
  4 hobgoblins
  6 quokkas
  3 frilled lizards
  A gnoll zombie (Ossuary)
  A goblin zombie (Ossuary)
  7 kobolds
  2 kobold zombies (Ossuary)
  4 rats
  4 river rat simulacra (Lair:6)
  A fire vortex (Depths:1)
1874 creatures vanquished.

Vanquished Creatures (collateral kills)
  A juggernaut (Depths:2)
  Rupert (Lair:6)
  A deep elf elementalist (Elf:3)
  2 yaktaur captains (Vaults:3)
  An ice dragon (Depths:2)
  2 hydras
  A spriggan air mage (Depths:2)
  An ogre mage (Vaults:4)
  2 two-headed ogres (D:15)
  A deep troll (Vaults:3)
  An iguana (D:5)
14 creatures vanquished.

Vanquished Creatures (others)
  A deep elf pyromancer (Elf:1)
  A redback (Vaults:5)
  A bush (Lair:6)
  74 fungi
  142 plants
219 creatures vanquished.

Grand Total: 2107 creatures vanquished

Notes
Turn   | Place    | Note
-------+----------+-------------------------------------------
     0 | D:1      | HotelGloriana the Minotaur Berserker began the quest for
                  | the Orb.
     0 | D:1      | Reached XP level 1. HP: 19/19 MP: 0/0
   592 | D:1      | Reached XP level 2. HP: 27/27 MP: 1/1
   598 | D:1      | Found a faded altar of an unknown god.
  1376 | D:2      | Reached XP level 3. HP: 33/33 MP: 2/2
  1751 | D:2      | Reached XP level 4. HP: 39/40 MP: 3/3
  2002 | D:3      | Found a burning altar of Makhleb.
  2002 | D:3      | Noticed a sky beast
  2027 | D:3      | Killed a sky beast
  2028 | D:3      | Reached skill level 5 in Axes
  2028 | D:3      | Reached XP level 5. HP: 5/47 MP: 4/4
  3507 | D:4      | Found Gochej Urit's Book Shop.
  3559 | D:4      | Reached ** piety under Trog
  3588 | D:4      | Noticed Blork the orc
  3602 | D:4      | Killed Blork the orc
  3603 | D:4      | Reached skill level 5 in Fighting
  3603 | D:4      | Reached XP level 6. HP: 56/56 MP: 5/5
  3927 | D:4      | Found an iron altar of Okawaru.
  3927 | D:4      | Found an ancient bone altar of Kikubaaqudgha.
  4200 | D:4      | Noticed Eustachio
  4209 | D:4      | Killed Eustachio
  4210 | D:4      | Reached XP level 7. HP: 61/61 MP: 6/6
  4325 | D:5      | Entered Level 5 of the Dungeon
  4328 | D:5      | Found a staircase to the Ecumenical Temple.
  4486 | D:5      | Reached skill level 5 in Armour
  4523 | D:5      | Found Uthroamp's Assorted Antiques.
  4577 | D:5      | Found a white marble altar of Elyvilon.
  4693 | D:5      | Found a hazy altar of Hepliaklqana.
  4751 | D:5      | Found a shimmering blue altar of Sif Muna.
  4816 | D:6      | You fall into a shaft and drop 3 floors!
  4818 | D:9      | Noticed Joseph
  4836 | D:9      | Killed Joseph
  4837 | D:9      | Reached skill level 5 in Dodging
  4837 | D:9      | Reached XP level 8. HP: 52/71 MP: 7/7
  4893 | D:9      | Noticed a boulder beetle
  4920 | D:9      | Killed a boulder beetle
  5096 | D:8      | Found a sand-covered staircase.
  5103 | Ossuary  | Entered an ossuary
  5129 | Ossuary  | Reached XP level 9. HP: 79/79 MP: 8/8
  5882 | D:8      | Reached skill level 10 in Axes
  7167 | D:7      | Reached *** piety under Trog
  7168 | D:7      | Reached XP level 10. HP: 68/90 MP: 9/9
  8440 | D:9      | Found a stormy altar of Qazlal.
  8791 | D:9      | Noticed Pikel
  8813 | D:9      | Killed Pikel
  8926 | D:9      | Noticed a four-headed hydra
  8944 | D:9      | Killed a five-headed hydra
  9015 | D:8      | Paralysed by a hornet for 2 turns
  9233 | D:9      | Noticed a deep elf pyromancer
  9237 | D:9      | Noticed an orc sorcerer
  9243 | D:9      | Noticed a rust devil
  9261 | D:9      | Killed an orc sorcerer
  9280 | D:9      | Killed a deep elf pyromancer
  9350 | D:9      | Identified the ring "Lecidewu" {rElec rC++ Will+++ Str-5
                  | Int+6}
  9374 | D:9      | Reached XP level 11. HP: 90/99 MP: 10/10
  9500 | D:9      | Reached skill level 10 in Fighting
  9581 | D:9      | Noticed a five-headed hydra
 10065 | D:10     | Entered Level 10 of the Dungeon
 10254 | D:10     | Found a staircase to the Lair.
 10404 | D:10     | Found a snail-covered altar of Cheibriados.
 10434 | D:10     | Found the +0 staff of Battle
 10518 | D:10     | Noticed a purple ugly thing
 10534 | D:9      | Killed a purple ugly thing
 10535 | D:9      | Reached skill level 10 in Armour
 11010 | D:10     | Noticed a two-headed ogre
 11021 | D:10     | Killed a two-headed ogre
 11152 | D:10     | Found Ytsuiruwu's Assorted Antiques.
 11157 | D:10     | Noticed a two-headed ogre
 11167 | D:10     | Killed a two-headed ogre
 11292 | D:10     | Identified a scroll of acquirement
 11292 | D:10     | Acquired the ring "Xesmi" {rPois rN++}
 11352 | Lair:1   | Entered Level 1 of the Lair of Beasts
 11583 | Lair:1   | Reached **** piety under Trog
 11897 | Lair:1   | Reached skill level 15 in Axes
 12066 | Lair:1   | Noticed Gastronok
 12102 | Lair:1   | Killed Gastronok
 12103 | Lair:1   | Reached skill level 10 in Dodging
 12103 | Lair:1   | Reached XP level 12. HP: 110/110 MP: 11/11
 12296 | Lair:1   | Noticed Fannar
 12316 | Lair:1   | Killed Fannar
 12514 | Lair:2   | Noticed a boulder beetle
 12542 | Lair:2   | Killed a boulder beetle
 12592 | Lair:2   | Found a staircase to the Shoals.
 12805 | Lair:2   | Noticed a six-headed hydra
 12850 | Lair:2   | Killed a six-headed hydra
 12883 | Lair:2   | Noticed an eight-headed hydra
 12945 | Lair:1   | Killed an eight-headed hydra
 13057 | Lair:2   | Found a blossoming altar of Fedhas.
 14302 | Lair:3   | Noticed a five-headed hydra
 14311 | Lair:3   | Killed a five-headed hydra
 14382 | Lair:3   | Identified the amulet "Vuygg" {Spirit Contam Fly rElec
                  | Dex-4}
 14440 | Lair:3   | Noticed a death yak
 14440 | Lair:3   | Noticed a death yak
 14490 | Lair:3   | Killed a death yak
 14532 | Lair:3   | Killed a death yak
 14699 | Lair:3   | Noticed an eight-headed hydra
 14710 | Lair:3   | Killed an eight-headed hydra
 14711 | Lair:3   | Reached XP level 13. HP: 92/119 MP: 12/12
 16514 | Lair:4   | Found a staircase to the Snake Pit.
 16849 | Lair:5   | You fall into a shaft and drop 1 floor!
 16849 | Lair:6   | Entered Level 6 of the Lair of Beasts
 17250 | Lair:5   | Reached ***** piety under Trog
 18146 | Lair:6   | Reached XP level 14. HP: 128/130 MP: 13/13
 18398 | Lair:6   | Received a gift from Trog
 18539 | Lair:6   | Noticed Rupert
 18552 | Lair:6   | Paralysed by Rupert for 3 turns
 18566 | Lair:6   | Killed Rupert
 18847 | Lair:6   | Found a large runed translucent door.
 19518 | Lair:6   | Found a viscous altar of Jiyva.
 19518 | Lair:6   | Found a staircase to the Slime Pits.
 19781 | Lair:6   | HP: 2/133 [fire crab] (22)]
 19924 | Lair:6   | Found a large runed translucent door.
 20325 | Lair:6   | Identified the amulet of the Saviour {Spirit rC+ Regen+}
 20747 | D:11     | Found a glowing silver altar of Zin.
 21468 | D:11     | Noticed Psyche
 21480 | D:11     | Killed Psyche
 21897 | D:12     | Found a staircase to the Orcish Mines.
 22072 | D:12     | Reached XP level 15. HP: 139/139 MP: 14/14
 22153 | D:12     | Found a portal to a secret trove of treasure.
 22334 | Orc:1    | Entered Level 1 of the Orcish Mines
 22557 | Orc:1    | Reached skill level 15 in Fighting
 22619 | Orc:1    | Found Ycowk's Armour Shoppe.
 22786 | Orc:2    | Entered Level 2 of the Orcish Mines
 23124 | Orc:2    | Found a flickering gateway to a bazaar.
 23144 | Bazaar   | Entered a bazaar
 23157 | Bazaar   | Found Bierues's Antique Weapon Emporium.
 23157 | Bazaar   | Found Ducvewawne's Antique Armour Emporium.
 23158 | Bazaar   | Found Veil's Weapon Boutique.
 23189 | Bazaar   | Found Udwyjynk's Armour Shop.
 23208 | Bazaar   | Bought a pair of glowing gloves for 180 gold pieces
 23220 | Bazaar   | Bought a runed executioner's axe for 312 gold pieces
 23436 | Orc:2    | Reached ****** piety under Trog
 23512 | Orc:2    | Received a gift from Trog
 23588 | Orc:2    | Reached skill level 15 in Armour
 23789 | Orc:2    | Found Wimninis's Distillery.
 23795 | Orc:2    | Found Xiqolut's General Store.
 23796 | Orc:2    | Found Xelicycw's Armour Boutique.
 23798 | Orc:2    | Bought a potion of heal wounds for 80 gold pieces
 23798 | Orc:2    | Bought a potion of heal wounds for 80 gold pieces
 23798 | Orc:2    | Bought a potion of haste for 160 gold pieces
 23798 | Orc:2    | Bought 2 potions of heal wounds for 160 gold pieces
 23803 | Orc:2    | Bought a wand of flame (6) for 72 gold pieces
 23808 | Orc:2    | Found Qec Dell's Weapon Emporium.
 24034 | Orc:2    | Found a staircase to the Elven Halls.
 24637 | Orc:2    | Found Xiat's General Store.
 24638 | Orc:2    | Found Dizo's Specific Store.
 24645 | Orc:2    | Bought a scroll of enchant weapon for 75 gold pieces
 24645 | Orc:2    | Bought a potion of curing for 30 gold pieces
 24645 | Orc:2    | Bought a scroll of enchant weapon for 75 gold pieces
 24651 | Orc:2    | Bought a scroll of identify for 22 gold pieces
 24696 | Orc:2    | Found Wimninis's Distillery.
 24697 | Orc:2    | Found Qec Dell's Weapon Emporium.
 24698 | Orc:2    | Found Xiqolut's General Store.
 24699 | Orc:2    | Found Xelicycw's Armour Boutique.
 24802 | Orc:2    | Found a staircase to the Elven Halls.
 25752 | D:13     | Found a gate to the Vaults.
 26246 | D:14     | Received a gift from Trog
 26322 | D:14     | Noticed Snorg
 26335 | D:14     | Killed Snorg
 26534 | D:14     | Found a broken altar of Ashenzari.
 27256 | D:15     | Entered Level 15 of the Dungeon
 27387 | D:15     | Reached XP level 16. HP: 151/151 MP: 15/15
 27390 | D:15     | Found a staircase to the Depths.
 27463 | D:15     | Paralysed by an ogre mage for 7 turns
 28130 | D:15     | Found the +3 giant club "Skullcrusher" {speed, Str+7}
 28703 | D:15     | Identified the +1 leather armour of the Past {Will+}
 29003 | Snake:1  | Entered Level 1 of the Snake Pit
 29314 | Snake:1  | Reached skill level 15 in Dodging
 29781 | Snake:1  | Found Mosch's Book Boutique.
 29781 | Snake:1  | Found Zearud's Jewellery Emporium.
 29782 | Snake:1  | Found Etikor's Book Boutique.
 31017 | Snake:2  | Acquired a manual of Fighting
 31097 | Snake:2  | Received a gift from Trog
 31854 | Snake:2  | Noticed Vashnia
 31869 | Snake:2  | Killed Vashnia
 32330 | Snake:2  | Reached XP level 17. HP: 100/165 MP: 16/16
 32888 | Snake:3  | Noticed Jorgrun
 33068 | Snake:2  | Killed Jorgrun
 33995 | Snake:3  | Received a gift from Trog
 34717 | Snake:4  | Entered Level 4 of the Snake Pit
 34719 | Snake:4  | Noticed Mlioglotl
 35066 | Snake:4  | Killed Mlioglotl
 35640 | Snake:4  | Received a gift from Trog
 36335 | Snake:4  | Noticed Aizul
 36344 | Snake:4  | Killed Aizul
 37399 | Snake:4  | Reached XP level 18. HP: 148/180 MP: 17/17
 37737 | Snake:4  | Got a serpentine rune of Zot
 37968 | Shoals:1 | Entered Level 1 of the Shoals
 38277 | Shoals:1 | Identified the +1 war axe "Lacertilianbane" {flame, Fragile
                  | rC+ rN++ Str+4} (Trog gifted it to you on level 1 of the
                  | Shoals)
 38277 | Shoals:1 | Received a gift from Trog
 38466 | Shoals:1 | Noticed Louise
 38561 | Shoals:1 | Killed Louise
 38775 | Shoals:1 | Found a runed translucent door.
 38779 | Shoals:1 | Noticed Bityczex's ghost (adept DEFE)
 39354 | Shoals:2 | Noticed Ilsuiw
 39576 | Shoals:1 | Killed Ilsuiw
 40708 | Shoals:2 | Noticed Donald
 40722 | Shoals:2 | Killed Donald
 41981 | Shoals:3 | Found Viystrull's Weapon Boutique.
 42400 | Shoals:4 | Entered Level 4 of the Shoals
 42407 | Shoals:3 | Received a gift from Trog
 42792 | Shoals:4 | Identified the +0 ring mail of the Land of Plenty {*Corrode
                  | Dex+3 Slay+3}
 43645 | Shoals:4 | Found a stormy altar of Qazlal.
 44047 | Shoals:4 | Paralysed by an air elemental for 1 turns
 44162 | Shoals:4 | Paralysed by an air elemental for 1 turns
 44166 | Shoals:4 | Reached XP level 19. HP: 191/196 MP: 18/18
 44243 | Shoals:4 | Received a gift from Trog
 44503 | Shoals:4 | Identified the ring "Pojuik" {rC+ MP+9 Int+3}
 45105 | Shoals:4 | Paralysed by an air elemental for 1 turns
 45109 | Shoals:4 | Paralysed by an air elemental for 1 turns
 45560 | Shoals:4 | Got a barnacled rune of Zot
 45879 | Vaults:1 | Entered Level 1 of the Vaults
 45920 | Vaults:1 | Found Ikiep's Assorted Antiques.
 46279 | D:13     | Received a gift from Trog
 46831 | Vaults:1 | Found Ryxyxutedo's Book Shop.
 47167 | Vaults:1 | Found Witol's Antique Armour Shoppe.
 47175 | Vaults:1 | Bought a pair of embroidered gloves for 150 gold pieces
 47175 | Vaults:1 | Bought a glowing cloak for 150 gold pieces
 47869 | Vaults:1 | Received a gift from Trog
 48276 | Vaults:1 | Found Riwioc's Antique Armour Shop.
 48284 | Vaults:1 | Bought a shiny plate armour for 702 gold pieces
 48348 | Vaults:1 | Found Meixzian's Assorted Antiques.
 48981 | Vaults:2 | Noticed Mennas
 49003 | Vaults:2 | Killed Mennas
 49208 | Vaults:2 | Found Gieqiar's Antique Weapon Shoppe.
 49429 | Vaults:2 | Reached XP level 20. HP: 151/211 MP: 19/19
 50058 | Vaults:2 | Identified the +8 falchion "Glorpo" {freeze, rC+}
 50210 | Vaults:2 | Received a gift from Trog
 50352 | Vaults:2 | Found a staircase to the Crypt.
 50352 | Vaults:2 | Found an ancient bone altar of Kikubaaqudgha.
 50352 | Vaults:2 | Found a basalt altar of Yredelemnul.
 50420 | Vaults:3 | Noticed Sojobo
 51224 | Vaults:3 | Acquired a manual of Armour
 51730 | Vaults:3 | Received a gift from Trog
 51807 | Vaults:3 | Found Suetittu's Book Shop.
 52045 | Vaults:3 | Paralysed by an air elemental for 1 turns
 52051 | Vaults:3 | Killed Sojobo
 52348 | Vaults:4 | Noticed Xtahua
 52358 | Vaults:4 | Killed Xtahua
 53024 | Vaults:4 | Found Hawaodgh's Jewellery Emporium.
 53349 | Vaults:4 | Reached skill level 27 in Fighting
 53367 | Vaults:4 | Reached XP level 21. HP: 159/224 MP: 20/20
 53683 | Vaults:4 | Received a gift from Trog
 54234 | Vaults:4 | Identified the +6 mace "Kackit" {freeze, Str+2 Dex+3}
 54243 | Vaults:4 | Noticed Boris
 54258 | Vaults:4 | Killed Boris
 54529 | Vaults:4 | Acquired an amulet of reflection
 55060 | Elf:1    | Entered Level 1 of the Elven Halls
 55551 | Elf:1    | Found Tewed's Antique Armour Shop.
 55592 | Elf:1    | Identified the +3 battleaxe "Giantslayer" {vorpal, Dex+4}
                  | (Trog gifted it to you on level 1 of the Elven Halls)
 55592 | Elf:1    | Received a gift from Trog
 55850 | Elf:1    | Found Dekiroez's Antique Armour Emporium.
 56081 | Elf:1    | Noticed Frances
 56093 | Elf:1    | Killed Frances
 56375 | Elf:1    | Found Ogebbun's Book Boutique.
 56469 | Elf:2    | Found Enixuj's Armour Boutique.
 56525 | Elf:2    | Received a gift from Trog
 56661 | Elf:2    | Found a runed translucent gate.
 56662 | Elf:2    | Found a runed translucent gate.
 56662 | Elf:2    | Found a runed translucent gate.
 56853 | Elf:2    | Found a frozen archway.
 56872 | IceCv    | Entered an ice cave
 57714 | IceCv    | Received a gift from Trog
 58330 | Elf:2    | Reached XP level 22. HP: 220/233 MP: 21/21
 58970 | Elf:2    | Noticed Azrael
 58996 | Elf:2    | Killed Azrael
 59531 | Elf:2    | Received a gift from Trog
 59626 | Elf:2    | Cast into level 2 of the Abyss (+2 lajatang of distortion)
 59759 | Abyss:2  | Paralysed by accursed screaming for 1 turns
 59811 | Abyss:2  | Gained mutation: You are weak. (Str -2) [a neqoxec]
 60146 | Abyss:2  | Found a corrupted altar of Lugonu.
 60151 | Elf:2    | Escaped the Abyss
 60696 | Elf:3    | Entered Level 3 of the Elven Halls
 60977 | Elf:3    | Paralysed by an air elemental for 1 turns
 60995 | Elf:3    | Found Wupryu Nurgh's Assorted Antiques.
 61013 | Elf:3    | Bought a glowing plate armour for 1118 gold pieces
 61156 | Elf:3    | Paralysed by an air elemental for 1 turns
 61158 | Elf:3    | Paralysed by an air elemental for 1 turns
 61471 | Elf:3    | Received a gift from Trog
 62771 | Elf:3    | Identified the amulet "Awagavvu" {RegenMP Str+2}
 62778 | Elf:3    | Received a gift from Trog
 62920 | Elf:3    | Identified the +0 shadow dragon scales "Retzag" {Slay+2
                  | Stlth++++}
 62930 | Elf:3    | Identified the -7 helmet "Vanigraa" {Str+4 Dex+9 Stlth-}
 63439 | Depths:1 | Entered Level 1 of the Depths
 63780 | Depths:1 | Found a gateway to Hell.
 64396 | Depths:1 | Found Dicw's Assorted Antiques.
 64399 | Depths:1 | Bought a scroll of teleportation for 93 gold pieces
 64399 | Depths:1 | Bought a potion of curing for 93 gold pieces
 64602 | Depths:1 | Reached skill level 27 in Armour
 65903 | Depths:2 | Found a one-way gateway to a ziggurat.
 66256 | Depths:2 | Noticed a juggernaut
 66269 | Depths:2 | Killed a juggernaut
 66570 | Depths:2 | Reached XP level 23. HP: 193/240 MP: 22/22
 67185 | Depths:2 | Found a one-way gate leading to the halls of Pandemonium.
 68430 | Depths:3 | Noticed Boris
 68437 | Depths:3 | Killed Boris
 68478 | Depths:3 | Received a gift from Trog
 68938 | Depths:3 | Identified the amulet "Faumin" {Faith rElec rCorr Str+8
                  | Stlth-}
 69047 | Depths:3 | Noticed a juggernaut
 69048 | Depths:3 | Noticed a caustic shrike
 69056 | Depths:3 | Noticed a caustic shrike
 69058 | Depths:3 | Killed a caustic shrike
 69660 | Depths:3 | Killed a caustic shrike
 70438 | Depths:3 | Killed a juggernaut
 70497 | Depths:3 | Received a gift from Trog
 70578 | Depths:3 | Found a one-way gate to the infinite horrors of the Abyss.
 70710 | Depths:3 | Identified the +9 battleaxe "Hellblazer" {pain, +Blink
                  | Dex+4}
 71510 | Depths:4 | Entered Level 4 of the Depths
 71874 | Depths:4 | Reached skill level 27 in Dodging
 72440 | Depths:4 | Reached skill level 1 in Stealth
 72440 | Depths:4 | Reached skill level 1 in Evocations
 72519 | Depths:4 | Found a gate to the Realm of Zot.
 74364 | D:5      | Bought a scroll of summoning for 237 gold pieces
 74364 | D:5      | Bought a scroll of fear for 87 gold pieces
 74364 | D:5      | Bought a scroll of magic mapping for 87 gold pieces
 74364 | D:5      | Bought a potion of flight for 75 gold pieces
 74364 | D:5      | Bought a scroll of identify for 50 gold pieces
 74364 | D:5      | Bought a scroll of magic mapping for 87 gold pieces
 74481 | D:10     | Bought a scroll of magic mapping for 112 gold pieces
 74481 | D:10     | Bought a scroll of fear for 112 gold pieces
 74481 | D:10     | Bought a scroll of teleportation for 96 gold pieces
 74481 | D:10     | Bought a scroll of enchant armour for 240 gold pieces
 74481 | D:10     | Bought a scroll of summoning for 304 gold pieces
 74724 | Vaults:4 | Bought a ring of protection from fire for 400 gold pieces
 74801 | Vaults:5 | Entered Level 5 of the Vaults
 74887 | Vaults:5 | Noticed a dread lich
 75008 | Vaults:5 | Reached XP level 24. HP: 88/247 MP: 22/22
 75036 | Vaults:5 | Identified the +11 hand axe of Rasmat {vorpal, *Rage rElec
                  | Dex+10 SInv} (Trog gifted it to you on level 5 of the
                  | Vaults)
 75036 | Vaults:5 | Received a gift from Trog
 75057 | Vaults:5 | HP: 4/249 [tengu reaver/bolt of lightning (15)]
 75058 | Vaults:5 | Slain by a tengu reaver

Illustrated notes

Levels and vault maps discovered:
D:1:      dpeg_arrival_simpleton_c, layout_loops_ring,
          shapermc_ecumenical_altar_mp_urbaneastern, feat_on_display
D:2:      layout_basic
D:3:      layout_loops_ring, mainiacjoe_overflow_tiny_flanked, minivault_24,
          solitary_fountain
D:4:      minmay_door_path, layout_rooms, gammafunk_temple_overflow_elements,
          serial_shops, shop, minmay_misc_feat_iff, uniq_eustachio,
          uniq_blork_the_orc
D:5:      layout_cave_pools, nicolae_elyvilon_peaceful_grove,
          nicolae_overflow_hidden_temple, nzn_hepliaklqana_mist_gate,
          minmay_temple_entry_sparse_star, serial_shops,
          nicolae_shop_overgrown_old_shop
D:6:      layout_loops_corners
D:7:      layout_gridville, patterned_corridor
D:8:      layout_loops_ring, nicolae_ossuary_entry_plus
D:9:      minmay_the_grid_4x2 [minmay_the_grid_spikes, minmay_the_grid_dragon_b,
          minmay_the_grid_dragon_a, minmay_the_grid_pillar_ring,
          minmay_the_grid_eight, minmay_the_grid_small_cups,
          minmay_the_grid_tri_star,
          minmay_the_grid_prize_four_corners_diamond_b], layout_irregular_city,
          nicolae_qazlal_style_of_elements, serial_co_window_serial,
          co_window_paths_b, co_window_paths_a, co_window_paths_b,
          co_window_paths_b, co_window_of_opportunity_a, co_window_paths_a,
          co_window_corner_a, co_window_2corner, co_window_2corner,
          co_window_corner_b, kennysheep_another_room, uniq_maggie, uniq_pikel,
          uniq_joseph
D:10:     layout_rooms, kennysheep_mini, erik_lair_island, serial_shops,
          nicolae_shop_overgrown_old_shop, minmay_chambers_of_fives
D:11:     layout_long_grid, zin_treasury, uniq_psyche
D:12:     layout_rooms, david_orc_3, enter_trove_6
D:13:     layout_roguey, david_vaults_2, minmay_fractal_squares_diagonal_5
D:14:     layout_loops_corners, ashenzari_conservatory_becter, uniq_snorg
D:15:     grunt_enter_depths_magical_seal, layout_long_grid,
          palyth_stone_intersect, drop_trap, minmay_misc_feat_diagonals,
          minmay_guarded_unrand_skullcrusher
Lair:1:   layout_gridlike, lemuel_fruit_fields, grunt_megastairs_4,
          uniq_gastronok, uniq_fannar
Lair:2:   layout_long_grid, minmay_shoals_entry_beasts, hangedman_tree_tricks,
          worms_lemuel
Lair:3:   layout_regular_city
Lair:4:   layout_loops_ring, dummy_snake_entry
Lair:5:   layout_roguey [special_room_bee], grunt_forest_large_clearings
Lair:6:   cheibrodos_lair_end_hotspot, layout_gridlike,
          dpeg_slime_entry_enclosed_altar, eino_house_with_fridge,
          infiniplex_staircase_pool_2, serial_bayou_shore_b, uniq_rupert
Shoals:1: layout_shoals, ebering_ghost_inner_flame, dpeg_stationary_puzzle,
          uniq_louise
Shoals:2: layout_shoals, uniq_donald, uniq_ilsuiw
Shoals:3: layout_shoals, serial_shops, nicolae_shop_waterfront
Shoals:4: shoals_end_hellmonk_storm_palace [storm_palace_center_circular,
          storm_palace_corner_altar, storm_palace_corner_reverse_hut,
          storm_palace_corner_pillars, storm_palace_corner_grid]
Snake:1:  layout_chambers, special_room, grunt_ministairs_8,
          serial_bayou_shore_a, lemuel_fruit_tree, minmay_shop_grove
Snake:2:  layout_basic, serial_bayou_pond_e, grunt_ministairs_10,
          serial_bayou_shore_b, uniq_vashnia
Snake:3:  cheibrodos_snake_lava_hold, layout_rooms, uniq_jorgrun
Snake:4:  grunt_snake_rune_pools, layout_misc_corridors, uniq_aizul,
          uniq_mlioglotl
Orc:1:    layout_caves, serial_shops, nicolae_shop_stone
Orc:2:    st_orc_open, layout_caves, enter_volcano_3, serial_shops,
          bzr_entry_lakeside, nicolae_specific_store, mines4_lemuel
Elf:1:    eino_elf_arrival_shootout, layout_geoelf_grid, serial_shops,
          nicolae_shop_trees, shop_fountains, shop, minmay_elf_demonology,
          uniq_frances
Elf:2:    nicolae_elf_blades_crystal_corner, layout_loops_corners, serial_shops,
          shop_statue, portal_ice_cave_entry_ice_statue_two,
          nicolae_elf_crossing_hall, uniq_azrael
Elf:3:    minmay_elf_hall_dome, layout_geoelf_octagon, serial_shops, shop,
          nicolae_elf_big_sculpture_1, minmay_misc_feat_rows
Vaults:1: nicolae_vaults_disjoint_gnomons, nicolae_vaults_little_squares_5,
          nicolae_vaults_specimen_jars, vaults_dpeg_diagonal,
          hangedman_vaults_nails, vaults_room_guarded_vault,
          nicolae_vaults_gold_heap, vaults_room_grid,
          nicolae_vaults_little_squares_4, layout_vaults_chaotic_city,
          serial_shops, shop, nicolae_shop_statue_plus, nicolae_shop_trees,
          nicolae_shop_hallway_stairs, shop
Vaults:2: vaults_dpeg_spiral, ontoclasm_vaults_spin,
          nicolae_vaults_ninety_degrees, v_pattern_3,
          minmay_crypt_entry_necro_gods, ontoclasm_vaults_gateway,
          ontoclasm_vaults_loading_screen, layout_vaults_quadrants,
          serial_shops, shop, uniq_mennas
Vaults:3: nicolae_vaults_triangles, v_misc_15, v_alt_pattern_6, v_misc_1,
          ontoclasm_vaults_ring_small, v_pattern_4, vaults_room_stairs_pillars,
          vaults_room_mumra_shop_pool, vaults_standard_mumra_x,
          nicolae_vaults_puzzle_piece, vaults_mumra_chevron, v_misc_17,
          v_alt_pattern_1, vaults_room_semicircle, layout_vaults_omnicross,
          serial_shops, bzr_in_the_mist, uniq_sojobo
Vaults:4: ontoclasm_vaults_twist, nicolae_vaults_disjoint_gnomons,
          nicolae_vaults_disjoint_gnomons, v_misc_28, nicolae_vaults_network_s,
          nicolae_vaults_disjoint_gnomons, v_misc_30,
          nicolae_vaults_quartermaster, layout_vaults_ring, serial_shops,
          nicolae_square_shop, uniq_boris, uniq_xtahua
Vaults:5: serial_shops, uniq_frederick
Depths:1: layout_gridlike, hell_entry, chequers_serial_rivers_micro_a,
          kennysheep_dice, minmay_shop_star
Depths:2: minmay_connected_boxes_in_corner, layout_cave_shapes,
          enter_ziggurat_f, grunt_hell_horde, pan_entry, hex_medium,
          infiniplex_staircase_zigzag_3, grunt_megastairs_3
Depths:3: minmay_complete_graph, layout_cave_shapes, serial_glass,
          glass_columns_b, glass_columns_a, item_on_display_a,
          hangedman_decor_peaks_small, hell_entry, abyss_entry
Depths:4: evilmike_zot_entry_argh, layout_cave_shapes, hell_entry, abyss_entry,
          rand_demon_pan_entry_5

Skill      XL: |  1  2  3  4  5  6  7  8  9 10 11 12 13 14 15 16 17 18 19 20 21 22 23 24 |
---------------+-------------------------------------------------------------------------+-----
Fighting       | 4 5 6 7 8 9 11 12 13 14 16 18 20 23 25 27 | 27.0
Axes           | 4 5 6 8 9 11 13 15 16 18 20 21 22 23 24 | 24.6
Armour         | 3 4 5 6 8 9 11 12 13 14 15 16 18 19 20 22 25 27 | 27.0
Dodging        | 3 4 5 6 7 8 10 11 12 13 14 15 16 17 18 20 22 24 27 | 27.0
Stealth        | 2 3 |  3.2
Evocations     | 2 3 |  3.2

Action                   |  1- 3 |  4- 6 |  7- 9 | 10-12 | 13-15 | 16-18 | 19-21 | 22-24 || total
-------------------------+-------+-------+-------+-------+-------+-------+-------+-------++-------
Melee: Hand axe          |    67 |     9 |       |       |       |       |       |       ||    76
       Headbutt          |     7 |    12 |    49 |   110 |   260 |   346 |   466 |   361 ||  1611
       War axe           |       |    88 |   185 |       |       |       |       |       ||   273
       Punch             |       |     1 |     5 |       |       |       |       |       ||     6
       Battleaxe         |       |       |    29 |   448 |   747 |       |       |       ||  1224
       Dire flail        |       |       |       |    12 |    46 |       |       |       ||    58
       Executioner's axe |       |       |       |       |   268 |  1375 |  1551 |  1192 ||  4386
Throw: Throwing net      |       |       |       |       |       |       |     1 |     2 ||     3
Invok: Berserk           |       |     5 |     5 |     9 |     9 |    13 |    10 |     7 ||    58
       Trog's Hand       |       |       |     2 |     5 |     5 |    14 |     2 |       ||    28
       Brothers in Arms  |       |       |       |     1 |     1 |     2 |     4 |     2 ||    10
Evoke: Wand              |       |       |       |    26 |       |       |     1 |     5 ||    32
  Use: Scroll            |       |     4 |     4 |    23 |     8 |     9 |     8 |    11 ||    67
       Potion            |       |       |       |     2 |     1 |     5 |     2 |    11 ||    21
 Stab: Sleeping          |     1 |       |       |       |       |       |       |       ||     1
       Distracted        |       |       |       |       |       |       |     3 |       ||     3
       Held in net/web   |       |       |       |       |       |       |       |     2 ||     2
Armor: Animal skin       |    10 |       |       |       |       |       |       |       ||    10
       Ring mail         |    14 |    27 |    16 |       |       |       |       |       ||    57
       Scale mail        |       |       |    31 |     6 |       |       |       |       ||    37
       Chain mail        |       |       |       |   200 |       |       |       |       ||   200
       Plate armour      |       |       |       |   175 |   612 |   770 |   743 |   514 ||  2814
Dodge: Dodged            |    31 |    61 |   116 |   265 |   588 |   868 |   727 |   587 ||  3243
Block: Other             |       |       |       |       |       |       |    56 |   186 ||   242
       Reflection        |       |       |       |       |       |       |    13 |     7 ||    20
